 Dungeon Crawl Stone Soup version 0.19.1 (webtiles) character file.

30 snakesoul the Magician (level 3, 0/19 HPs)
             Began as a Deep Elf Fire Elementalist on Dec 3, 2016.
             Slain by an ooze (3 damage)
             ... on level 1 of the Dungeon.
             The game lasted 00:04:19 (1143 turns).

snakesoul the Magician (Deep Elf Fire Elementalist) Turns: 1143, Time: 00:04:20

Health: 0/19       AC:  2    Str:  5    XL:     3   Next: 3%
Magic:  0/10       EV: 13    Int: 20    God:
Gold:   97         SH:  0    Dex: 15    Spells: 1 memorised, 9 levels left

rFire  . . .     SeeInvis .     e - +0 dagger
rCold  . . .     Gourm    .     a - +0 robe
rNeg   . . .     Faith    .     (no shield)
rPois  .         Spirit   .     (no helmet)
rElec  .         Reflect  .     (no cloak)
rCorr  .         Harm     .     (no gloves)
MR     .....                    (no boots)
Stlth  ++........               (no amulet)
                                (no ring)
                                h - ring of wizardry

@: no status effects
A: no striking features
a: no special abilities


You were on level 1 of the Dungeon.
You were hungry.

You visited 1 branch of the dungeon, and saw 2 of its levels.

You collected 97 gold pieces.

Inventory:

Hand Weapons
 e - a +0 dagger (weapon)
Armour
 a - a +0 robe (worn)
Jewellery
 h - a ring of wizardry (left hand)
Scrolls
 g - a scroll of remove curse {unknown}
 j - a scroll of blinking {unknown}
Potions
 f - a potion of degeneration {unknown}
 i - a potion of curing {unknown}
Books
 b - a book of Flames

   Spells                             Type                      Level
   a - Flame Tongue                   Conjuration/Fire             1
   b - Throw Flame                    Conjuration/Fire             2
   c - Conjure Flame                  Conjuration/Fire             3
   d - Inner Flame                    Hexes/Fire                   3
   e - Sticky Flame                   Conjuration/Fire             4
   f - Fireball                       Conjuration/Fire             5
Comestibles
 c - a bread ration
 d - a chunk of flesh


   Skills:
 - Level 2.4 Dodging
 - Level 2.4 Stealth
 + Level 4.1 Spellcasting
 * Level 1.5 Conjurations
 + Level 3.7 Fire Magic


You had 9 spell levels left.
You knew the following spells:

 Your Spells              Type           Power        Failure   Level  Hunger
a - Flame Tongue          Conj/Fire      ##...        1%          1    None


Dungeon Overview and Level Annotations

Branches:
Dungeon (2/15)

Altars:


Message History

You see here a throwing net.
You can't go up here!
Unknown command.
Casting: Flame Tongue
Confirm with . or Enter, or press ? or * to list all spells.
Aiming: Flame Tongue
Press: ? - help, Shift-Dir - straight line, f - ooze
Aim: an ooze The flame tongue hits the ooze.
The ooze is heavily wounded.
The ooze closely misses you.
Casting: Flame Tongue
Confirm with . or Enter, or press ? or * to list all spells.
Aiming: Flame Tongue
Press: ? - help, Shift-Dir - straight line, f/p - ooze
Aim: an ooze (heavily wounded)
The flame tongue hits the ooze.
The ooze appears unharmed.
The ooze is heavily wounded.
The ooze hits you.
You die...

##.###.#.#.## #.# ##.#.#.#.#.#
##.##.##.#..## #.# #...........
##.........#.# ##.## ##.#.#.#.#.#
#####.##.#..####...###...........
# ###.#.#.####.....###.#.#.#.#.#
#.............................
#.###.#####......###.#.#.#.#.#
#.# #.#####.#...## ####.###.##
####.# #..(....J@.##


#PPPPP#.# .....# #######.#### #P...P#.# ###### #.#########P......# ##.##
#####.##.......P...P..# #.#.## #.....##.######PP.P...# .###.# #.######.#
###..##.# #รท#.## #.# #.# #..##.# ##.## #.# #.# #..##.# #.# #.# #.# ####..##.#
You could see an ooze.

Vanquished Creatures
  An ooze (D:1)
  A worm (D:2)
  2 leopard geckos (D:1)
  A giant cockroach (D:1)
  2 goblins (D:1)
  2 hobgoblins (D:1)
  6 jackals (D:1)
  A ball python (D:1)
  A bat (D:1)
  A frilled lizard (D:1)
18 creatures vanquished.

Vanquished Creatures (others)
  3 fungi (D:1)
  4 toadstools (D:1)
7 creatures vanquished.

Grand Total: 25 creatures vanquished

Notes
Turn   | Place    | Note
-------+----------+-------------------------------------------
     0 | D:1      | snakesoul the Deep Elf Fire Elementalist began the quest for the Orb.
     0 | D:1      | Reached XP level 1. HP: 10/10 MP: 6/6
   140 | D:1      | Reached XP level 2. HP: 15/15 MP: 5/8
  1031 | D:1      | Reached skill level 4 in Spellcasting
  1120 | D:2      | Reached XP level 3. HP: 2/19 MP: 0/10
  1143 | D:1      | Slain by an ooze

Skill      XL: |  1  2 |
---------------+-------+-----
Spellcasting   | 4 |  4.1
Dodging        | |  2.4
Stealth        | |  2.4
Conjurations   | |  1.5
Fire Magic     | |  3.7

Action                   || total
-------------------------++-------
Melee: Dagger            ||     9
 Cast: Flame Tongue      ||    53
Armor: Robe              ||     5
Dodge: Dodged            ||    20
